PAA
DURHAM RAPIERS @ TACOMA FUR TRADERS
08/09/2031
 
TOP OF THE 1ST
Durham Rapiers batting - Pitching for Tacoma Fur Traders : RHP Álex Hernández
Pitching: RHP Álex Hernández
Batting: LHB Alberto Garza 0-0: Called Strike
0-1: Foul Ball, location: 2F
0-2: Ball
1-2: Ball
2-2: Ball
3-2: Fly out, F6 (Line Drive, 6M)
Batting: RHB Tomás Costello 0-0: Ball
1-0: Ball
2-0: Called Strike
2-1: Foul Ball, location: 2F
2-2: Ball
3-2: Base on Balls
Batting: LHB Glen Allen Mixon 0-0: Grounds into double play, 4-6-3 (Groundball, 34)
Top of the 1st over - 0 runs, 0 hits, 0 errors, 0 left on base; Durham 0 - Tacoma 0
BOTTOM OF THE 1ST
Tacoma Fur Traders batting - Pitching for Durham Rapiers : RHP Manny Sandoval
Pitching: RHP Manny Sandoval
Batting: SHB Gilberto Chávez 0-0: Ball
1-0: SINGLE (Groundball, 34D)
Batting: RHB John Fitzgerald 0-0: Called Strike
0-1: Swinging Strike
0-2: Foul Ball, location: 2F
0-2: Strikes out swinging
Batting: RHB Daryl Yandell 0-0: Ball
1-0: Ball
2-0: Foul Ball, location: 2F
2-1: Foul Ball, location: 2F
2-2: Fly out, F9 (Flyball, 9D)
Batting: RHB Michael Palledorous 0-0: Ball
1-0: Ball
2-0: Ball
3-0: Base on Balls
Gilberto Chávez to second
Batting: RHB Mike Case 0-0: Swinging Strike
0-1: Foul Ball, location: 2F
0-2: Foul Ball, location: 2F
0-2: Ball
1-2: Strikes out swinging
Bottom of the 1st over - 0 runs, 1 hit, 0 errors, 2 left on base; Durham 0 - Tacoma 0
TOP OF THE 2ND
Durham Rapiers batting - Pitching for Tacoma Fur Traders : RHP Álex Hernández
Batting: RHB Raúl Moreno 0-0: Foul Ball, location: 2F
0-1: Foul Ball, location: 2F
0-2: Ball
1-2: Ball
2-2: Ground out 6-3 (Groundball, 6)
Batting: RHB Guillermo Mata 0-0: Ground out 5-3 (Groundball, 5)
Batting: RHB Mason Congdon 0-0: Fly out, F7 (Flyball, 7)
Top of the 2nd over - 0 runs, 0 hits, 0 errors, 0 left on base; Durham 0 - Tacoma 0
BOTTOM OF THE 2ND
Tacoma Fur Traders batting - Pitching for Durham Rapiers : RHP Manny Sandoval
Batting: RHB Alan Patterson 0-0: Ground out 4-3 (Groundball, 4)
Batting: RHB Sherman N'Dir 0-0: Ball
1-0: Swinging Strike
1-1: Foul Ball, location: 2F
1-2: Strikes out swinging
Batting: RHB Bill Perkins 0-0: Ball
1-0: Ball
2-0: Ball
3-0: Called Strike
3-1: Called Strike
3-2: Base on Balls
Batting: RHB Gerardo Herváz 0-0: Ball
1-0: Ball
2-0: Foul Ball, location: 2F
2-1: Fly out, F8 (Flyball, 78D)
Bottom of the 2nd over - 0 runs, 0 hits, 0 errors, 1 left on base; Durham 0 - Tacoma 0
TOP OF THE 3RD
Durham Rapiers batting - Pitching for Tacoma Fur Traders : RHP Álex Hernández
Batting: RHB Colby King 0-0: Ball
1-0: Ball
2-0: SINGLE (Groundball, 56D)
Batting: SHB Cash Masters 0-0: Ball
1-0: Ball
2-0: Ball
3-0: Called Strike
3-1: Base on Balls
Colby King to second
Batting: RHB Yoshi Kouda 0-0: Swinging Strike
0-1: Fielders Choice at 2nd, 5-4 (Groundball, 56)
Colby King to third
Batting: LHB Alberto Garza 0-0: Foul Ball, location: 2F
0-1: Fielders Choice at 2nd, 6-4 (Groundball, 6M)
Colby King scores
Batting: RHB Tomás Costello 0-0: Called Strike
0-1: Ball
1-1: Called Strike
1-2: Ball
2-2: Fly out, F8 (Flyball, 89D)
Top of the 3rd over - 1 run, 1 hit, 0 errors, 1 left on base; Durham 1 - Tacoma 0
BOTTOM OF THE 3RD
Tacoma Fur Traders batting - Pitching for Durham Rapiers : RHP Manny Sandoval
Batting: SHB Gilberto Chávez 0-0: Ball
1-0: Called Strike
1-1: Foul Ball, location: 2F
1-2: Foul Ball, location: 2F
1-2: Strikes out swinging
Batting: RHB John Fitzgerald 0-0: Ground out 5-3 (Groundball, 56)
Batting: RHB Daryl Yandell 0-0: Ball
1-0: Ground out 1-3 (Groundball, 13)
Bottom of the 3rd over - 0 runs, 0 hits, 0 errors, 0 left on base; Durham 1 - Tacoma 0
TOP OF THE 4TH
Durham Rapiers batting - Pitching for Tacoma Fur Traders : RHP Álex Hernández
Batting: LHB Glen Allen Mixon 0-0: Ball
1-0: Called Strike
1-1: Foul Ball, location: 2F
1-2: Ball
2-2: Foul Ball, location: 2F
2-2: Strikes out swinging
Batting: RHB Raúl Moreno 0-0: Swinging Strike
0-1: Foul Ball, location: 2F
0-2: Ball
1-2: Ground out 6-3 (Groundball, 6M)
Batting: RHB Guillermo Mata 0-0: Foul Ball, location: 2F
0-1: Ball
1-1: Foul Ball, location: 2F
1-2: Foul Ball, location: 2F
1-2: Foul Ball, location: 2F
1-2: Ground out 5-3 (Groundball, 2L)
Top of the 4th over - 0 runs, 0 hits, 0 errors, 0 left on base; Durham 1 - Tacoma 0
BOTTOM OF THE 4TH
Tacoma Fur Traders batting - Pitching for Durham Rapiers : RHP Manny Sandoval
Batting: RHB Michael Palledorous 0-0: DOUBLE (Line Drive, 9LD)
Batting: RHB Mike Case 0-0: Foul Ball, location: 2F
0-1: Foul Ball, location: 2F
0-2: Strikes out swinging
Batting: RHB Alan Patterson 0-0: Ball
1-0: Foul Ball, location: 2F
1-1: Ball
2-1: Foul Ball, location: 2F
2-2: Foul Ball, location: 2F
2-2: Ball
3-2: Foul Ball, location: 2F
3-2: Strikes out swinging
Batting: RHB Sherman N'Dir 0-0: Called Strike
0-1: Ball
1-1: Foul Ball, location: 2F
1-2: Ball
2-2: Foul Ball, location: 2F
2-2: Foul Ball, location: 2F
2-2: Ground out 5-3 (Groundball, 56)
Bottom of the 4th over - 0 runs, 1 hit, 0 errors, 1 left on base; Durham 1 - Tacoma 0
TOP OF THE 5TH
Durham Rapiers batting - Pitching for Tacoma Fur Traders : RHP Álex Hernández
Batting: RHB Mason Congdon 0-0: SINGLE (Flyball, 9)
Batting: RHB Colby King 0-0: Bunted foul
0-1: Bunted foul
0-2: Ball
1-2: Fly out, F3 (Popup, 23)
Batting: SHB Cash Masters 0-0: Swinging Strike
0-1: Ball
1-1: DOUBLE (Line Drive, 7LM)
Mason Congdon to third
Batting: RHB Yoshi Kouda 0-0: Called Strike
0-1: Foul Ball, location: 2F
0-2: Foul Ball, location: 2F
0-2: Ball
1-2: SINGLE (Line Drive, 8LS)
Mason Congdon scores
Cash Masters to third
Batting: LHB Alberto Garza 0-0: Ball
1-0: Grounds into double play, 4-6-3 (Groundball, 4)
Top of the 5th over - 1 run, 3 hits, 0 errors, 1 left on base; Durham 2 - Tacoma 0
BOTTOM OF THE 5TH
Tacoma Fur Traders batting - Pitching for Durham Rapiers : RHP Manny Sandoval
Batting: RHB Bill Perkins 0-0: Foul Ball, location: 2F
0-1: Ball
1-1: DOUBLE (Line Drive, 78D)
Batting: RHB Gerardo Herváz 0-0: Called Strike
0-1: Ground out 6-3 (Groundball, 6)
Batting: SHB Gilberto Chávez 0-0: Called Strike
0-1: Ball
1-1: Swinging Strike
1-2: Strikes out swinging
Batting: RHB John Fitzgerald 0-0: Foul Ball, location: 2F
0-1: Ball
Wild Pitch!
Bill Perkins to third
1-1: Called Strike
1-2: Fly out, F6 (Popup, 6MD)
Bottom of the 5th over - 0 runs, 1 hit, 0 errors, 1 left on base; Durham 2 - Tacoma 0
TOP OF THE 6TH
Durham Rapiers batting - Pitching for Tacoma Fur Traders : RHP Álex Hernández
Batting: RHB Tomás Costello 0-0: Foul Ball, location: 2F
0-1: Ground out U3 (Groundball, 34S)
Batting: LHB Glen Allen Mixon 0-0: Swinging Strike
0-1: Called Strike
0-2: Strikes out swinging
Batting: RHB Raúl Moreno 0-0: Foul Ball, location: 2F
0-1: Ball
1-1: Ball
2-1: Ball
3-1: Base on Balls
Batting: RHB Guillermo Mata 0-0: Ball
1-0: Ball
2-0: SINGLE (Groundball, 56D)
Raúl Moreno to second
Batting: RHB Mason Congdon 0-0: Fly out, F7 (Flyball, 7S)
Top of the 6th over - 0 runs, 1 hit, 0 errors, 2 left on base; Durham 2 - Tacoma 0
BOTTOM OF THE 6TH
Tacoma Fur Traders batting - Pitching for Durham Rapiers : RHP Manny Sandoval
Batting: RHB Daryl Yandell 0-0: Ball
1-0: Foul Ball, location: 2F
1-1: Ball
2-1: Called Strike
2-2: Ball
3-2: Ground out 3-1 (Groundball, 34)
Batting: RHB Michael Palledorous 0-0: Ball
1-0: Swinging Strike
1-1: Called Strike
1-2: Fly out, F9 (Flyball, 9)
Batting: RHB Mike Case 0-0: Foul Ball, location: 2F
0-1: Fly out, F6 (Line Drive, 6)
Bottom of the 6th over - 0 runs, 0 hits, 0 errors, 0 left on base; Durham 2 - Tacoma 0
TOP OF THE 7TH
Durham Rapiers batting - Pitching for Tacoma Fur Traders : RHP Álex Hernández
Batting: RHB Colby King 0-0: Foul Ball, location: 2F
0-1: Ball
1-1: Ball
2-1: Called Strike
2-2: Foul Ball, location: 2F
2-2: SINGLE (Groundball, 56D)
Batting: SHB Cash Masters 0-0: Bunt - Flyout! F2
Batting: RHB Yoshi Kouda 0-0: Called Strike
0-1: Fielders Choice at 2nd, 4-6 (Groundball, 4)
Batting: LHB Alberto Garza 0-0: Ball
1-0: Ball
2-0: Called Strike
Yoshi Kouda steals 2nd base
2-1: SINGLE (Line Drive, 56D)
Yoshi Kouda to third
Runner from 3rd tries for Home, SAFE, throw made home
Batting: RHB Tomás Costello 0-0: Foul Ball, location: 2F
0-1: Foul Ball, location: 2F
0-2: Ball
1-2: Fly out, F8 (Flyball, 8RS)
Top of the 7th over - 1 run, 2 hits, 0 errors, 1 left on base; Durham 3 - Tacoma 0
BOTTOM OF THE 7TH
Tacoma Fur Traders batting - Pitching for Durham Rapiers : RHP Manny Sandoval
Batting: RHB Alan Patterson 0-0: Ball
1-0: Foul Ball, location: 2F
1-1: Called Strike
1-2: Ball
2-2: Ball
3-2: SINGLE (Line Drive, 34D)
Batting: RHB Sherman N'Dir 0-0: Ball
1-0: Sac Bunt - play at first, batter OUT! 2-4
Alan Patterson to second
Batting: RHB Bill Perkins 0-0: Ball
1-0: Foul Ball, location: 2F
1-1: Ball
2-1: Fly out, F8 (Flyball, 8LXD)
Runner from 2nd tags up, SAFE at 3rd, no throw
Batting: RHB Gerardo Herváz 0-0: Called Strike
0-1: Swinging Strike
0-2: Foul Ball, location: 2F
0-2: Strikes out swinging
Bottom of the 7th over - 0 runs, 1 hit, 0 errors, 1 left on base; Durham 3 - Tacoma 0
TOP OF THE 8TH
Durham Rapiers batting - Pitching for Tacoma Fur Traders : RHP Álex Hernández
Batting: LHB Glen Allen Mixon 0-0: Ball
1-0: Ball
2-0: Called Strike
2-1: Swinging Strike
2-2: Ball
3-2: Foul Ball, location: 2F
3-2: Strikes out swinging
Batting: RHB Raúl Moreno 0-0: Called Strike
0-1: Ground out 5-3 (Groundball, 56)
Batting: RHB Guillermo Mata 0-0: Called Strike
0-1: Ground out 6-3 (Groundball, 6)
Top of the 8th over - 0 runs, 0 hits, 0 errors, 0 left on base; Durham 3 - Tacoma 0
BOTTOM OF THE 8TH
Tacoma Fur Traders batting - Pitching for Durham Rapiers : RHP Manny Sandoval
Batting: SHB Gilberto Chávez 0-0: Ground out 4-3 (Groundball, 4)
Batting: RHB John Fitzgerald 0-0: Ball
1-0: SINGLE (Groundball, 56D)
Batting: RHB Daryl Yandell 0-0: Ball
1-0: Ball
2-0: SINGLE (Groundball, 6) (infield hit)
John Fitzgerald to second
Batting: RHB Michael Palledorous 0-0: Ball
1-0: Ball
2-0: Foul Ball, location: 2F
2-1: DOUBLE (Groundball, 5L)
John Fitzgerald scores
Daryl Yandell to third
Runner from 3rd tries for Home, SAFE, no throw
Batting: RHB Mike Case 0-0: Ball
1-0: Ball
2-0: Foul Ball, location: 2F
2-1: Called Strike
2-2: Ball
3-2: Base on Balls
Pitching: RHP Stu Noble
Batting: RHB Alan Patterson 0-0: Sac Bunt - play at first, batter OUT! 1-4
Michael Palledorous to third
Mike Case to second
Batting: RHB Sherman N'Dir 0-0: Called Strike
0-1: Ball
1-1: Ball
2-1: Foul Ball, location: 2F
2-2: Ball
3-2: Strikes out swinging
Bottom of the 8th over - 2 runs, 3 hits, 0 errors, 2 left on base; Durham 3 - Tacoma 2
TOP OF THE 9TH
Durham Rapiers batting - Pitching for Tacoma Fur Traders : RHP Álex Hernández
Pitching: LHP Pedro Pérez
Batting: RHB Mason Congdon 0-0: Called Strike
0-1: Foul Ball, location: 2F
0-2: Ball
1-2: Ground out 3-1 (Groundball, 34)
Batting: RHB Colby King 0-0: Called Strike
0-1: Fly out, F8 (Flyball, 8LS)
Batting: SHB Cash Masters 0-0: Ball
1-0: Ball
2-0: Called Strike
2-1: Foul Ball, location: 2F
2-2: Ball
3-2: Base on Balls
Pinch Hitting: RHB Carlos Evangelho 0-0: Ball
1-0: Called Strike
1-1: Called Strike
1-2: SINGLE (Line Drive, 56D)
Cash Masters to second
Pinch Hitting: RHB Armando Chamú 0-0: Called Strike
0-1: Ball
1-1: Foul Ball, location: 2F
1-2: Ball
2-2: Ball
3-2: Foul Ball, location: 2F
3-2: Foul Ball, location: 2F
3-2: Foul Ball, location: 2F
3-2: Fly out, F5 (Popup, 5)
Top of the 9th over - 0 runs, 1 hit, 0 errors, 2 left on base; Durham 3 - Tacoma 2
BOTTOM OF THE 9TH
Tacoma Fur Traders batting - Pitching for Durham Rapiers : RHP Stu Noble
Pitching: RHP Mark Sinclair
Now in LF: Dante Aristizabal
Now in CF: Askari bin Idris
Batting: RHB Bill Perkins 0-0: Foul Ball, location: 2F
0-1: Ball
1-1: Ball
2-1: Called Strike
2-2: SINGLE (Groundball, 6M)
Batting: RHB Gerardo Herváz 0-0: Called Strike
0-1: Ball
1-1: Foul Ball, location: 2F
1-2: Strikes out swinging
Batting: SHB Gilberto Chávez 0-0: Swinging Strike
0-1: Fly out, F3 (Popup, 13S)
Pinch Hitting: RHB Stan Wheeler 0-0: Fly out, F8 (Flyball, 8RD)
Bottom of the 9th over - 0 runs, 1 hit, 0 errors, 1 left on base; Durham 3 - Tacoma 2
Tuesday, June 12th, 2018 - OOTP Baseball 18.8 Build 76